 Dungeon Crawl Stone Soup version 0.22-a0-533-g4d20840 (webtiles) character file.

43 Amnesiac the Ducker (level 3, 0/19 HPs)
             Began as a Spriggan Abyssal Knight on June 23, 2018.
             Was a Follower of Lugonu.
             Killed from afar by an orc wizard (7 damage)
             ... with a puff of frost
             ... on level 3 of the Dungeon.
             The game lasted 00:02:58 (2313 turns).

Amnesiac the Ducker (Spriggan Abyssal Knight)       Turns: 2313, Time: 00:02:58

Health: 0/19       AC:  3    Str:  9    XL:     3   Next: 37%
Magic:  5/5        EV: 18    Int: 13    God:    Lugonu [*.....]
Gold:   116        SH:  0    Dex: 15    Spells: 2/2 levels left

rFire    . . .     SeeInvis +   a - +2 dagger (venom)
rCold    . . .     Gourm    .   (shield restricted)
rNeg     . . .     Faith    .   f - +1 robe (curse)
rPois    .         Spirit   .   (helmet restricted)
rElec    .         Reflect  .   (no cloak)
rCorr    .         Harm     .   (gloves unavailable)
MR       .....                  (boots unavailable)
Stlth    ++........             (no amulet)
HPRegen  0.06/turn              e - +1 ring of slaying
MPRegen  0.09/turn              (no ring)

@: very quick
A: very small, unfitting armour, see invisible, herbivore, speed 3, slow
metabolism 2
a: Depart the Abyss, Renounce Religion


You were on level 3 of the Dungeon.
You worshipped Lugonu.
Lugonu was aware of your devotion.
You were not hungry.

You visited 1 branch of the dungeon, and saw 3 of its levels.
You visited the Abyss 1 time.

You collected 116 gold pieces.

Inventory:

Hand Weapons
 a - a +2 dagger of venom (weapon)
Armour
 f - a cursed +1 robe (worn)
Jewellery
 e - a +1 ring of slaying (left hand)
 p - an uncursed ring of fire
Wands
 d - a wand of paralysis (10)
Scrolls
 j - 2 scrolls of enchant armour {!r}
 o - 2 scrolls of fog {!r}
Potions
 g - a potion of lignification {!q, unknown}
 h - 2 potions of curing {!q, unknown}
 k - a potion of invisibility {!q, unknown}
 l - a potion of heal wounds {!q, unknown}
Comestibles
 c - 5 rations


   Skills:
 - Level 2.4 Fighting
 * Level 3.4 Short Blades
 - Level 3.5 Dodging
 + Level 3.3 Stealth
 - Level 1.7 Invocations


You had 2 spell levels left.
You didn't know any spells.
Your spell library was empty.

Dungeon Overview and Level Annotations

Branches:
Dungeon (3/15)

Altars:
Wu Jian
The Shining One


Innate Abilities, Weirdness & Mutations

You are very small and have problems with some larger weapons.
You are too small for most types of armour.
You have supernaturally acute eyesight. (SInv)
You are a herbivore.
You cover ground extremely quickly.
You need to consume almost no food.


Message History

There is a stone staircase leading down here.
Really read
j - 3 scrolls labeled BOYBRAWYRE {!r}?
As you read the scroll labeled BOYBRAWYRE {!r}, it crumbles to dust.
It is a scroll of enchant armour.
Your cursed +0 robe glows green for a moment.
Drop what? 16/52 slots (_ for help) (? for menu, Esc to quit)
You drop a +0 robe.
Really read
o - 3 scrolls labeled ECSIDO SUAGAO {!r}?
As you read the scroll labeled ECSIDO SUAGAO {!r}, it crumbles to dust.
The scroll dissolves into smoke.
It was a scroll of fog {!r}.
Really read
i - a scroll labeled LEIFIM QUTRENN {!r}?
Blink to where?
Press: ? - help, Dir - move target cursor, f - you Are you sure you want to cancel this blink?
Okay, then.
As you read the scroll labeled LEIFIM QUTRENN {!r}, it crumbles to dust.
It was a scroll of blinking {!r}.
Really read
m - a scroll labeled FERASO TURHEI {!r}?
As you read the scroll labeled FERASO TURHEI {!r}, it crumbles to dust.
It is a scroll of enchant weapon.
Your +1 dagger of venom glows red for a moment.
Drop what? 13/52 slots (_ for help) (? for menu, Esc to quit)
You drop a +1 short sword.
You start resting.
HP restored.
You climb downwards.
There is a stone staircase leading up here.
No target in view!
No target in view!
An orc comes into view.
A worm comes into view.
You hit the orc.
The orc is moderately wounded.
You completely miss the orc wizard. You closely miss the orc wizard.
The orc wizard hits you with a dagger.
You barely miss the orc wizard. The orc wizard hits you with a dagger.
The orc barely misses you.
You hit the orc wizard.
The orc wizard is poisoned.
The orc wizard is lightly wounded.
The orc wizard closely misses you.
You closely miss the orc wizard.
The orc wizard is moderately wounded.
The orc misses you.
You barely miss the orc wizard.
The orc wizard is moderately wounded.
The orc wizard casts a spell at you. The puff of frost hits you!
* * * LOW HITPOINT WARNING * * *
The orc completely misses you.
You barely miss the orc wizard.
The orc wizard is moderately wounded.
The orc wizard misses you. The orc closely misses you.
You closely miss the orc wizard.
The orc wizard is moderately wounded.
The orc wizard looks encouraged for a moment.
The orc completely misses you.
You barely miss the orc wizard.
The orc wizard is moderately wounded.
The orc wizard barely misses you. The orc closely misses you.
Unknown command.
Unknown command.
The orc wizard casts a spell at you. The puff of frost hits you!
You die...

.....#....####
.....%.......
....#.....###
........)...###
#..........
##########w###..###
#........o.# #
#........o.#
#.....@....####...
#..<..............
#.........#####...
#................
#............#...
#.........##.#
#.........# ...
#.........# ...
#####.#.### ..#


You could see a worm, an orc wizard and an orc.

Vanquished Creatures
  A worm (D:3)
  2 leopard geckos (D:2)
  2 orcs
  6 giant cockroaches
  5 goblins
  A hobgoblin (D:1)
  2 jackals (D:2)
  4 kobolds
  A ball python (D:2)
  4 bats
  A frilled lizard (D:1)
  2 rats (D:1)
31 creatures vanquished.

Notes
Turn   | Place    | Note
-------+----------+-------------------------------------------
     0 | Abyss:1  | Amnesiac the Spriggan Abyssal Knight began the quest for the Orb.
     0 | Abyss:1  | Reached XP level 1. HP: 11/11 MP: 3/3
    47 | Abyss:2  | Noticed an Executioner
    49 | D:1      | Escaped the Abyss
    75 | D:1      | Reached skill level 1 in Stealth
   291 | D:1      | Reached XP level 2. HP: 12/16 MP: 4/4
   292 | D:1      | Reached * piety under Lugonu
  1383 | D:2      | Found a glowing golden altar of the Shining One.
  1424 | D:2      | Reached XP level 3. HP: 18/19 MP: 5/5
  1790 | D:2      | Found an ornate altar of the Wu Jian Council.
  2313 | D:3      | Killed from afar by an orc wizard

Vault maps used:
D:1:      minmay_arrival_hallway, st_stairs_13, minmay_misc_feat_enclosed
D:2:      lemuel_crystal_altar, lemuel_round_altar, hangedman_decor_points,
          hangedman_decor_clover_reticule
D:3:      uniq_robin, uniq_ijyb
Abyss:1:  hangedman_abyss_stitches_cave
Abyss:2:  serial_sigils_hangedman_gut, hangedman_abyss_stitches_cave

Skill      XL: |  1  2 |
---------------+-------+-----
Stealth        | 2 3 |  3.3
Short Blades   | 3 |  3.4
Fighting       | |  2.4
Dodging        | |  3.5
Invocations    | |  1.7

Action                   || total
-------------------------++-------
Melee: Short sword       ||   117
       Dagger            ||    10
Invok: Depart the Abyss  ||     1
  Use: Scroll            ||     4
 Stab: Sleeping          ||     5
Armor: Robe              ||    15
Dodge: Dodged            ||   114

Table legend:
 A = Spawn XP
 B = Non-spawn XP
 C = Spawn XP percentage of total XP
 D = Spawn monster count
 E = Non-spawn monster count
 F = Spawn count percentage of total count
 G = Total turns spent on level
                    A         B        C        D         E        F      G
               +---------+---------+-------+---------+---------+-------+---------
         Total |       0 |      62 |   0.0 |       0 |      31 |   0.0 |  2313
               +---------+---------+-------+---------+---------+-------+---------
           D:1 |       0 |      30 |   0.0 |       0 |      18 |   0.0 |  1143
           D:2 |       0 |      24 |   0.0 |       0 |      11 |   0.0 |   932
           D:3 |       0 |       8 |   0.0 |       0 |       2 |   0.0 |   189
               +---------+---------+-------+---------+---------+-------+---------
